 Dungeon Crawl Stone Soup version 0.31-a0-881-ge136f0c47a (webtiles) character file.

Game seed: 3035835738423879119

935 scionoferis the Cleaver (level 7, -9/66 HPs)
             Began as a Minotaur Chaos Knight on Oct 15, 2023.
             Was a Plaything of Xom.
             Mangled by a gnoll sergeant
             ... wielding a +0 trident
              (11 damage)
             ... on level 5 of the Dungeon.
             The game lasted 00:07:41 (3420 turns).

scionoferis the Cleaver (Minotaur Chaos Knight)     Turns: 3420, Time: 00:07:42

Health: -9/66      AC:  6    Str: 15    XL:     7   Next: 87%
Magic:  6/6        EV: 11    Int:  9    God:    Xom [.....*]
Gold:   280        SH:  0    Dex: 11    Spells: 6/6 levels left

rFire   . . .        l - +2 war axe (flame)
rCold   . . .        (no shield)
rNeg    . . .        o - +2 leather armour {rPois}
rPois   +            (helmet restricted)
rElec   .            (no cloak)
rCorr   +            (no gloves)
SInv    .            t - +0 pair of boots
Will    .....        h - amulet of faith
Stlth   +            m - ring of resist corrosion
HPRegen 0.31/turn    (no ring)
MPRegen 0.10/turn

%: clarity, faith
@: no status effects
A: horns 2, retaliatory headbutt, claws 1, fangs 1, talons 1, clarity, weak 1
a: Renounce Religion


You were on level 5 of the Dungeon.
You worshipped Xom.
You were Xom's teddy bear.
You visited 1 branch of the dungeon, and saw 5 of its levels.

You collected 280 gold pieces.


Innate Abilities, Weirdness & Mutations

You have a pair of horns on your head.
You reflexively headbutt those who attack you in melee.
You have sharp fingernails.
You have very sharp teeth.
You have sharp toenails.
You possess an exceptional clarity of mind.
You are weak. (Str -2)


   Skills:
 + Level 7.2 Fighting
 * Level 9.6 Axes
 - Level 2.4 Armour
 - Level 1.1 Dodging


You had 6 spell levels left.
You didn't know any spells.
Your spell library contained the following spells:

 Spells                   Type           Power      Damage    Failure   Level
 Freeze                   Ice            0%         1d3       45%         1
 Shock                    Conj/Air       0%         1d3       45%         1
 Frozen Ramparts          Ice            0%         1d1       83%         3
 Hailstorm                Conj/Ice       0%         3d3       83%         3
 Swiftness                Air            0%         N/A       83%         3
 Airstrike                Air            0%         2d(0-16)  99%         4
 Anguish                  Hex/Necr       0%         N/A       99%         4
 Cause Fear               Hex            0%         N/A       99%         4
 Vhi's Electric Charge    Tloc/Air       0%         N/A       99%         4
 Arcjolt                  Conj/Air       0%         1d10      100%        5
 Enfeeble                 Hex            0%         N/A       100%        7
 Maxwell's Capacitive Co  Air            0%         ∞         100%        8

Inventory:

Hand Weapons
 a - a +0 hand axe of chaos
 l - a +2 war axe of flaming (weapon)
   (You found it on level 2 of the Dungeon)
Missiles
 q - 3 boomerangs
Armour
 o - a +2 leather armour of poison resistance (worn)
   (You found it on level 3 of the Dungeon)
 t - a +0 pair of boots (worn)
   (You found it on level 5 of the Dungeon)
Jewellery
 h - an amulet of faith (around neck)
   (You found it on level 1 of the Dungeon)
 m - a ring of resist corrosion (left claw)
   (You found it on level 2 of the Dungeon)
Wands
 u - a wand of flame (30)
   (You took it off an orc on level 5 of the Dungeon)
Scrolls
 b - a scroll of amnesia {unknown}
 c - a scroll of butterflies
 e - 3 scrolls of identify {unknown}
 f - a scroll of enchant armour {unknown}
 j - a scroll of fog {unknown}
 n - 2 scrolls of enchant weapon {unknown}
 r - a scroll of revelation {unknown}
Potions
 d - a potion of cancellation {unknown}
 g - a potion of curing {unknown}
 k - 2 potions of haste {unknown}
 p - a potion of brilliance {unknown}
 s - a potion of lignification {unknown}

Dungeon Overview and Level Annotations

Branches:
Dungeon (5/15)
 Temple: D:4-7

Altars:
Kikubaaqudgha
Okawaru

Shops:
D:1

* #..........### #.#<#
#.#.....##...# #.#.#
#......###...# #.#.#
#.#.#.####...######.#.#
.......................
# # #..............(...
#..#.#...).......###.#.#
#......{)..............#
.####.@###...##########
#).......# ....#######
######


There were no monsters in sight!


Message History

A bat comes into view.
The bat hits you but does no damage. The bat hits you but does no damage.
You hit the bat. You burn the bat.
You kill the bat!
No target in view!
You see here a bat corpse.
i - 2 emerald potions (gained 1) Xom is getting BORED.
You are now a BORING thing.
You are now a plaything of Xom.
Found a sling.
No target in view!
No target in view!
Found a stone staircase leading up.
m - a ring of resist corrosion
There are no items here.
m - a ring of resist corrosion (left hand)
You see here an orb of wrath.
n - an orb of wrath Xom twists space around you.
Your surroundings suddenly seem different.
Found a mace.
Found a stone staircase leading down.
You now have 117 gold pieces (gained 7).
Done exploring.
Done exploring.
There is a stone staircase leading down here.
You climb downwards.
The kobold shouts!
Found 7 stones.
Found two stone staircases leading up and three stone staircases leading down.
There is a stone staircase leading up here.
A hobgoblin comes into view.
The hobgoblin shouts!
You closely miss the kobold. The kobold barely misses you.
You furiously retaliate!
You headbutt the kobold. You slash the kobold! You burn the kobold.
You kill the kobold!
The hobgoblin closely misses you.
You closely miss the hobgoblin. The hobgoblin closely misses you.
You slash the hobgoblin! You burn the hobgoblin.
You kill the hobgoblin!
No target in view!
Things that are here:
a +0 whip; 6 poisoned darts; a kobold corpse You are now a toy of Xom.
You start putting on your armour.
You continue putting on your orb of wrath. x4
You finish putting on your orb of wrath.
Unknown command.
The goblin shouts!
You now have 133 gold pieces (gained 16).
You open the door.
The endoplasm quivers.
There is an open door here.
A kobold comes into view. It is wielding a +0 club.
The kobold shouts!
The kobold throws a stone.
The stone hits you but does no damage.
A kobold is nearby!
The kobold throws a stone.
The stone hits you but does no damage. The kobold hits you but does no damage.
You barely miss the kobold. You headbutt the kobold.
You kill the kobold!
No reachable target in view!
The endoplasm jiggles.
You now have 149 gold pieces (gained 16).
You see here a +2 leather armour of poison resistance.
o - a +2 leather armour of poison resistance You start removing your armour.
You continue taking off your +2 leather armour. x4
You finish taking off your +2 leather armour.
You start putting on your armour.
You continue putting on your +2 leather armour of poison resistance. x5
You finish putting on your +2 leather armour of poison resistance.
You feel resistant to poison.
You drop a +2 leather armour.
Found an escape hatch in the ceiling.
Found 4 stones.
You see here a +2 leather armour.
An endoplasm, a goblin and a quokka come into view.
Found an escape hatch in the floor.
The goblin shouts!
The quokka moves out of view.
The endoplasm quivers.
You miss the quokka. The quokka barely misses you.
You hit the quokka. You burn the quokka.
You kill the quokka!
A frilled lizard comes into view.
The frilled lizard hisses angrily.
The goblin hits you but does no damage.
You slash the endoplasm! You burn the endoplasm.
You kill the endoplasm!
You barely miss the goblin. The goblin hits you but does no damage.
The goblin misses you.
You slash the goblin! You burn the goblin.
You kill the goblin!
The frilled lizard closely misses you.
Things that are here:
a +0 club; a goblin corpse You slash the frilled lizard!
You burn the frilled lizard.
You kill the frilled lizard!
No target in view!
No target in view!
You see here a frilled lizard corpse.
i - 3 emerald potions (gained 1)
b - a scroll labelled UCEREU AKHI A frilled lizard comes into view.
You slash the frilled lizard! You burn the frilled lizard.
You kill the frilled lizard!
No reachable target in view!
No reachable target in view!
The hobgoblin shouts!
A hobgoblin is nearby!
You see here a frilled lizard corpse.
You slash the hobgoblin! You burn the hobgoblin.
You kill the hobgoblin!
No reachable target in view!
The goblin shouts!
You see here a hobgoblin corpse.
There are monsters nearby!
You hit the hobgoblin. You burn the hobgoblin.
You kill the hobgoblin!
You closely miss the goblin. The goblin hits you but does no damage.
You closely miss the goblin. You headbutt the goblin.
You kill the goblin!
The adder bites you.
Your Axes skill increases to level 5!
You slash the adder! You burn the adder.
You kill the adder!
No target in view!
No target in view!
There is an open door, spattered with blood here.
Items here: ) †††.
You pick up Maxwell's Memoranda and begin reading...
You add the spells Vhi's Electric Charge, Arcjolt and Maxwell's Capacitive Coupling to your library.
There is an open door, spattered with blood here.
Items here: ) †††.
You open the door.
There is an open door here.
An adder comes into view.
The adder hisses angrily.
A frilled lizard comes into view.
The frilled lizard hisses angrily.
The adder bites you.
You barely miss the adder.
The adder bites you but does no damage. x2
You barely miss the adder. The adder closely misses you.
You barely miss the adder. You headbutt the adder!
You kill the adder!
You barely miss the frilled lizard. The frilled lizard misses you.
You slash the frilled lizard! You burn the frilled lizard.
You kill the frilled lizard!
No target in view!
A scorpion comes into view.
A red film seems to cover your vision as you go berserk!
You feel yourself moving faster!
You feel mighty!
You slash the scorpion! You burn the scorpion!
You kill the scorpion!
You have reached level 4!
You feel stronger.
You see here a scorpion corpse.
You feel a strong urge to attack something.
You start waiting.
You feel your anger nearly subside.
You start waiting.
You are no longer berserk.
You are exhausted.
You feel yourself slow down.
You start waiting.
A goblin is nearby!
The goblin shouts!
The goblin unwields a +0 club.
The goblin wields a +0 sling.
The goblin shoots a sling bullet.
The sling bullet barely misses you.
The goblin shoots a sling bullet.
The sling bullet barely misses you.
The goblin shoots a sling bullet.
The sling bullet closely misses you.
The goblin shoots a sling bullet.
The sling bullet hits you but does no damage.
The goblin shoots a sling bullet.
The sling bullet closely misses you.
You feel yourself speed up.
The goblin unwields a +0 sling.
The goblin wields a +0 club.
The goblin barely misses you.
You closely miss the goblin. Your headbutt misses the goblin.
The goblin barely misses you.
You slash the goblin! You burn the goblin.
You kill the goblin!
Things that are here:
a +0 club; a +0 sling You recover from your berserk rage.
Found a faded altar of an unknown god.
There is a faded altar of an unknown god here.
p - a golden potion You pick up a book of Hexes and begin reading...
You add the spells Anguish, Cause Fear and Enfeeble to your library.
The endoplasm quivers.
No reachable target in view!
No reachable target in view!
Xom is getting BORED.
You are now a BORING thing.
You slash the endoplasm! You burn the endoplasm.
You kill the endoplasm!
There is an open door here.
The hobgoblin shouts!
You almost hear Xom's maniacal laughter.
Your orb spins!
You are now a toy of Xom.
You slash the hobgoblin! You burn the hobgoblin.
You kill the hobgoblin!
No target in view!
There is an open door here.
You see here an adder corpse.
You see here a frilled lizard skeleton.
Done exploring.
Char dumped successfully.
You have 149 gold pieces.
Search for what [? for help]? shop Unknown command.
You see here a +2 leather armour.
There is a stone staircase leading down here.
You climb downwards.
Found three items.
There is a stone staircase leading up here.
An orc comes into view. It is wielding a +0 flail.
A kobold comes into view. It is wielding a +0 short sword.
The kobold shouts!
The orc shouts!
You hear a shout! 2 gnolls come into view.
Found a book of Air.
The gnoll shouts! x2
A hound comes into view.
The hound barks!
You slash the orc! You burn the orc.
You kill the orc!
You hear a shout!
A gnoll comes into view. It is wielding a +0 halberd.
Your Axes skill increases to level 6!
A gnoll bouda and an ufetubus come into view.
The ufetubus shouts!
The gnoll throws a throwing net.
The throwing net hits you.
You become entangled in the net!
Xom is amused.
You see here a throwing net.
You are held in a net!
You are held in a net!
You tear a large gash into the net.
The kobold completely misses you.
The gnoll bouda barks out a call to the hunt!
The gnolls pick up the pace!
You struggle against the net.
The gnoll closely misses you. The kobold hits you but does no damage.
The gnoll bouda barks out a call to the hunt!
The gnoll picks up the pace!
You rip the net and break free!
The hound bites you. The gnoll completely misses you.
The kobold barely misses you.
A gnoll comes into view. It is wielding a +0 halberd.
The gnoll hits you but does no damage. The hound closely misses you.
You furiously retaliate!
You headbutt the hound.
The gnoll hits you from afar with a +0 halberd.
The hound bites you.
An ufetubus comes into view.
The ufetubus hits you. The ufetubus closely misses you.
The gnoll hits you with a +0 spear.
Unknown command.
Found 8 stones.
Found a stone staircase leading up.
The hound stops to sniff the ground.
The hound attacks as it pursues you! The hound bites you.
The gnoll completely misses you. You furiously retaliate!
You headbutt the gnoll. The gnoll hits you with a +0 spear.
The kobold attacks as it pursues you! The kobold hits you but does no damage.
The gnoll hits you with a +0 spear.
* * * LOW HITPOINT WARNING * * *
The ufetubus shouts!
You hit the gnoll. You burn the gnoll. Your headbutt misses the gnoll.
The gnoll is heavily wounded.
You hit the gnoll bouda. You burn the gnoll bouda. You closely miss the hound.
You barely miss the gnoll. You slash the kobold! You burn the kobold.
You kill the kobold!
You slash the gnoll! You burn the gnoll. The hound bites you.
* * * LOW HITPOINT WARNING * * *
The gnoll barely misses you. The gnoll closely misses you.
The hound closely misses you. You furiously retaliate!
You headbutt the hound!
The gnoll hits you from afar with a +0 halberd.
* * * LOW HITPOINT WARNING * * *
The gnoll hits you with a +0 spear.
* * * LOW HITPOINT WARNING * * *
The gnoll hits you but does no damage.
It was a potion of heal wounds.
You feel much better.
Xom roars with laughter! "Go forth and destroy!"
You feel much better. The hound misses you. The ufetubus slips past you!
The ufetubus barely misses you. You furiously retaliate!
You headbutt the ufetubus. The ufetubus hits you.
The gnoll hits you from afar with a +0 halberd!
The gnoll barely misses you. You furiously retaliate!
You headbutt the gnoll. The hound barely misses you.
The gnoll barely misses you.
You barely miss the gnoll.
The gnoll is heavily wounded.
You barely miss the hound. You hit the gnoll. You burn the gnoll.
You closely miss the ufetubus. You barely miss the gnoll.
You closely miss the gnoll bouda. "Go forth and cause havoc, mortal!"
You feel clever all of a sudden.
The ufetubus hits you. x2; The hound bites you.
The gnoll closely misses you. You furiously retaliate!
You headbutt the gnoll. The gnoll barely misses you.
The ufetubus barely misses you. The ufetubus hits you.
The gnoll bouda calls upon its god to heal the gnoll.
The gnoll is healed somewhat.
The gnoll barely misses you. The gnoll closely misses you.
You furiously retaliate!
You headbutt the gnoll!
You kill the gnoll!
Your Fighting skill increases to level 5!
You have reached level 5!
Unknown command.
You slash the gnoll bouda! You burn the gnoll bouda.
The gnoll bouda is severely wounded.
You closely miss the gnoll. You hit the hound. You burn the hound.
You kill the hound!
You completely miss the gnoll. You hit the ufetubus. You burn the ufetubus.
The ufetubus hits you but does no damage. x2
The gnoll closely misses you. The gnoll barely misses you.
The gnoll bouda hits you with a +0 club!
The ufetubus hits you.
* * * LOW HITPOINT WARNING * * *
The ufetubus barely misses you. The gnoll hits you with a +0 spear.
* * * LOW HITPOINT WARNING * * *
The ufetubus closely misses you. You furiously retaliate!
You headbutt the ufetubus!
You kill the ufetubus!
The gnoll hits you with a +0 halberd!
* * * LOW HITPOINT WARNING * * *
Unknown command.
You feel much better. The ufetubus barely misses you. You furiously retaliate!
You headbutt the ufetubus. The ufetubus closely misses you.
The gnoll hits you from afar with a +0 halberd!
A shower of butterflies erupts from you!
The gnoll bouda hits you with a +0 club.
* * * LOW HITPOINT WARNING * * *
The gnoll barely misses you. The ufetubus slips past you!
The ufetubus hits you.
* * * LOW HITPOINT WARNING * * *
The ufetubus hits you.
* * * LOW HITPOINT WARNING * * *
The gnoll hits you but does no damage.
You slash the gnoll bouda! You burn the gnoll bouda.
You kill the gnoll bouda!
You completely miss the gnoll. You miss the ufetubus.
You barely miss the gnoll. "Go forth and destroy!"
You feel better.
You are now a favourite toy of Xom.
The gnoll closely misses you. The ufetubus barely misses you.
You furiously retaliate!
You headbutt the ufetubus!
You kill the ufetubus!
The gnoll barely misses you. The gnoll completely misses you.
The gnoll closely misses you.
Unknown command.
Unknown command.
Unknown command.
You closely miss the gnoll.
The gnoll is moderately wounded.
You slash the gnoll! You burn the gnoll.
You kill the gnoll!
The gnoll is no longer moving quickly.
The gnoll barely misses you. The gnoll closely misses you.
The gnoll barely misses you.
Unknown command.
Unknown command.
You slash the gnoll! You burn the gnoll.
You kill the gnoll!
The gnoll hits you from afar with a +0 halberd.
* * * LOW HITPOINT WARNING * * *
Unknown command.
The gnoll closely misses you.
You hit the gnoll. You burn the gnoll.
The gnoll is lightly wounded.
The gnoll misses you.
You hit the gnoll. You burn the gnoll.
The gnoll is severely wounded.
Xom makes a sudden noise!
You hear a bellow!
You hear a shout! x4
The gnoll barely misses you.
You slash the gnoll! You burn the gnoll.
You kill the gnoll!
Things that are here:
a +0 club; a +0 robe; a gnoll corpse Your butterfly disappears in a puff of smoke!
Your butterfly disappears in a puff of smoke!
A kobold comes into view. It is wielding a +0 whip.
You are too injured to fight recklessly!
Unknown command.
Your butterfly disappears in a puff of smoke!
You swap places.
The kobold throws a stone.
The stone hits you but does no damage.
A hobgoblin comes into view.
The hobgoblin shouts!
Your butterfly disappears in a puff of smoke!
The kobold throws a stone.
The stone hits you but does no damage. The kobold hits you but does no damage.
You closely miss the kobold. The kobold misses you.
The kobold closely misses you.
A red film seems to cover your vision as you go berserk!
You feel yourself moving faster!
You feel mighty!
You slash the kobold! You burn the kobold.
You kill the kobold!
You barely miss the hobgoblin. You headbutt the hobgoblin.
You kill the hobgoblin!
Your butterfly degenerates into a cloud of primal chaos!
Your butterfly disappears in a puff of smoke!
You feel a strong urge to attack something. "Let's go for a ride!"
Your surroundings suddenly seem different.
Found a dagger.
You feel your anger nearly subside.
You are no longer berserk.
You are exhausted.
You feel yourself slow down.
There is a stone staircase leading up here.
You climb upwards.
There is a stone staircase leading down here.
You start removing your armour.
You continue taking off your orb of wrath. x4
You finish taking off your orb of wrath.
You drop an orb of wrath.
There is a stone staircase leading down here.
You climb downwards.
There is a stone staircase leading up here.
You feel yourself speed up.
You recover from your berserk rage.
You feel a little less clever now.
HP restored.
You are now a toy of Xom.
n - 2 scrolls labelled ZAEGAXERUD
e - 3 scrolls labelled OKO DICIBBAIMU (gained 1)
You see here a +0 short sword.
A giant cockroach comes into view.
The giant cockroach moves out of view.
Found 5 stones.
You barely miss the giant cockroach.
The giant cockroach bites you but does no damage.
You barely miss the giant cockroach.
The giant cockroach bites you but does no damage.
You barely miss the giant cockroach.
Your headbutt misses the giant cockroach.
The giant cockroach closely misses you. The giant cockroach misses you.
You furiously retaliate!
You headbutt the giant cockroach.
You hit the giant cockroach but do no damage.
The giant cockroach is moderately wounded.
The giant cockroach bites you but does no damage.
You barely miss the giant cockroach.
The giant cockroach is lightly wounded.
The giant cockroach barely misses you. You furiously retaliate!
You headbutt the giant cockroach!
You kill the giant cockroach!
No target in view!
You pick up a book of Air and begin reading...
You add the spells Shock, Swiftness and Airstrike to your library.
Found a stone staircase leading down.
You see here 5 stones.
There is a stone staircase leading down here.
Found a stone staircase leading down.
Found a stone staircase leading down.
You now have 158 gold pieces (gained 9).
You now have 174 gold pieces (gained 16).
An orc comes into view. It is wielding a +0 mace.
The orc shouts!
An orc comes into view. It is wielding a +0 dagger.
The orc shouts!
An orc wizard comes into view. It is wielding a +0 dagger.
The orc wizard shouts!
An orc comes into view. It is wielding a +0 flail.
An orc comes into view. It is wielding a +0 whip.
You hit the orc but do no damage. The orc misses you.
You hit the orc. You burn the orc.
The orc is severely wounded.
The orc closely misses you.
You slash the orc! You burn the orc.
You kill the orc!
The orc throws a boomerang.
The boomerang hits you.
You hit the orc. You burn the orc.
The orc is moderately wounded.
The orc barely misses you. You furiously retaliate!
You headbutt the orc. You hit the orc but do no damage.
The orc is heavily wounded.
The orc hits you but does no damage.
You hit the orc. You burn the orc.
You kill the orc!
You barely miss the orc wizard.
The orc wizard hits you but does no damage.
You slash the orc wizard! You burn the orc wizard.
You kill the orc wizard!
You completely miss the orc.
Xom's power touches on a nearby monster.
The orc flickers and vanishes!
Deactivating autopickup; reactivate with Ctrl-A.
Something hits you.
Your Axes skill increases to level 7!
You have reached level 6!
You hit the orc. You burn the orc.
You kill the orc!
You barely miss something. Something hits you.
You closely miss something. Your headbutt misses something.
Something hits you but does no damage.
You hit something. You burn something.
Reactivating autopickup.
You feel a bit more experienced.
Things that are here:
a +0 whip; an orc corpse
Items here: ( ))) [[.
q - 3 boomerangs
Found a whip.
You see here a +0 whip.
Found an ancient bone altar of Kikubaaqudgha.
Found a stone staircase leading up.
There is a stone staircase leading up here.
A quokka comes into view.
A quokka is nearby!
You barely miss the quokka. The quokka bites you.
You hit the quokka. You burn the quokka.
You kill the quokka!
No target in view!
r - a scroll labelled XASTRI ADGHU Done exploring.
Done exploring.
Your movement speed is average.
Your attack delay is about 1.1.
Your damage rating with your +2 war axe of flaming is about 18 (Base 11 x 117% (Str) x 124% (Skill) + 2 (Ench)).
Char dumped successfully.
You have 174 gold pieces.
There is a stone staircase leading down here.
You climb downwards.
The black bear growls angrily.
You hear a shout! x2
There is a stone staircase leading up here.
Eustachio the Magnificent comes into view.
He is wielding a +0 rapier.
Found a club.
The black bear bites you. The black bear claws you. x2
Unknown command.
You slash the black bear! You burn the black bear.
The black bear is severely wounded.
The black bear barely misses you. You furiously retaliate!
You headbutt the black bear!
You kill the black bear!
Eustachio casts a spell.
Eustachio casts a spell.
Eustachio blinks!
You barely miss the quokka. Your headbutt misses the quokka.
You closely miss the bat. The bat barely misses you.
The quokka bites you but does no damage.
You barely miss the quokka. You headbutt the quokka.
The quokka is heavily wounded.
You hit the river rat. You burn the river rat. The quokka barely misses you.
The bat closely misses you. The river rat bites you!
You slash the quokka! You burn the quokka.
You kill the quokka!
The quokka's corpse disappears in a puff of smoke!
You hit the river rat. You burn the river rat. You miss the bat.
The bat closely misses you. You furiously retaliate!
You headbutt the bat!
You kill the bat!
The bat's corpse disappears in a puff of smoke!
Eustachio mumbles some strange words.
Eustachio blinks!
The river rat barely misses you.
There is a stone staircase leading up here.
The river rat bites you but does no damage.
You climb upwards.
There is a stone staircase leading down here.
You start resting.
HP restored.
You climb downwards.
Level annotation: Eustachio Eustachio hits you with a +0 rapier.
There is a stone staircase leading up here.
You hit Eustachio. You burn Eustachio. Your headbutt misses Eustachio.
Eustachio is lightly wounded.
Eustachio closely misses you. Eustachio hits you but does no damage.
You closely miss Eustachio.
Eustachio is lightly wounded.
Eustachio closely misses you.
You slash Eustachio! You burn Eustachio. You headbutt Eustachio!
Eustachio is severely wounded.
Eustachio mumbles some strange words.
You closely miss Eustachio.
Eustachio is severely wounded.
Eustachio barely misses you.
You barely miss Eustachio.
Eustachio is severely wounded.
You slash the white imp! You burn the white imp!
You kill the white imp!
The white imp disappears in a puff of smoke!
You hit the quasit. You burn the quasit.
The quasit bites you but does no damage.
The quasit claws you but does no damage. x2
Eustachio barely misses you. You furiously retaliate!
You headbutt Eustachio. You closely miss Eustachio. You headbutt Eustachio.
You kill Eustachio!
The iron imp disappears in a puff of smoke!
The quasit disappears in a puff of smoke!
Your Fighting skill increases to level 6!
Your Axes skill increases to level 8!
Unknown command.
Things that are here:
a +0 rapier; a +0 leather armour; the human corpse of Eustachio "Catch!"
Something appears at your feet!
You are now a plaything of Xom.
s - a fuming red potion {god gift}
There are no items here.
Found a stone staircase leading up.
There is a shaft here.
There is a stone staircase leading up here.
An iguana comes into view.
Found a stone staircase leading down.
Found an escape hatch in the floor.
You slash the iguana! You burn the iguana.
You kill the iguana!
You have reached level 7!
Found 6 stones.
An adder comes into view.
The adder hisses angrily.
The adder bites you.
You hit the adder. You burn the adder. Your headbutt misses the adder.
The adder is heavily wounded.
The adder misses you. You furiously retaliate!
You headbutt the adder. You slash the adder! You burn the adder.
You kill the adder!
No target in view!
HP restored.
You see here an adder corpse.
You see here 6 stones.
You now have 177 gold pieces (gained 3).
Xom makes a sudden noise!
You hear strange voices.
A dart slug comes into view.
The dart slug bites you but does no damage.
You hit the dart slug. You burn the dart slug.
The dart slug is severely wounded.
The dart slug closely misses you.
You hit the dart slug. You burn the dart slug.
The dart slug is almost dead.
You slash the dart slug! You burn the dart slug.
You kill the dart slug!
No target in view!
An orc comes into view. It is wielding a +0 dagger.
The orc hits you but does no damage.
You slash the orc! You burn the orc.
You kill the orc!
No target in view!
Found a pair of boots.
You see here a +0 pair of boots.
t - a +0 pair of boots You start putting on your armour.
You continue putting on your +0 pair of boots. x4
You finish putting on your +0 pair of boots.
An ufetubus comes into view.
The ufetubus shouts!
You hear a shout! x3
An ogre comes into view. It is wielding a +0 giant spiked club.
A white imp comes into view.
An ufetubus comes into view.
Found 29 gold pieces.
Found an iron altar of Okawaru.
The ufetubus shouts!
You miss the ufetubus.
You headbutt the ufetubus, but do no damage.
The ufetubus barely misses you. The ufetubus hits you.
The ufetubus barely misses you.
The ufetubus hits you but does no damage.
You miss the ufetubus. The ufetubus barely misses you. x2
You closely miss the ufetubus. Your headbutt misses the ufetubus.
The ufetubus slips past you! The ufetubus hits you.
The ufetubus hits you but does no damage.
The ufetubus closely misses you. You furiously retaliate!
You headbutt the ufetubus!
You kill the ufetubus!
You hit the ogre. You burn the ogre.
The ogre is lightly wounded.
The ogre barely misses you.
You hit the ogre. You burn the ogre.
The ogre is lightly wounded.
The ogre hits you with a +0 giant spiked club!
You slash the ogre! You burn the ogre.
The ogre is severely wounded.
The ogre hits you with a +0 giant spiked club!
The white imp grinds its teeth.
You hit the ogre. You burn the ogre.
The ogre is almost dead.
You hit the ogre. You burn the ogre.
You kill the ogre!
The white imp gestures at you. The puff of frost hits you.
The white imp hits you but does no damage.
You see here a +0 giant spiked club.
You slash the white imp! You burn the white imp.
You kill the white imp!
The ufetubus slips past you!
The ufetubus hits you but does no damage.
The ufetubus closely misses you.
You hit the ufetubus. You burn the ufetubus.
The ufetubus is severely wounded.
The ufetubus hits you.
The ufetubus hits you but does no damage.
The ufetubus barely misses you. You furiously retaliate!
You headbutt the ufetubus.
The ufetubus hits you but does no damage.
You slash the ufetubus! You burn the ufetubus.
You kill the ufetubus!
An orc comes into view. It is wielding a +0 club.
Found a book of Frost.
An orc comes into view. It is wielding a +0 short sword.
Found an escape hatch in the ceiling.
The orc shouts!
You hear a shout!
An orc wizard comes into view. It is wielding a +0 dagger.
The orc hits you but does no damage.
The orc wizard shouts!
You slash the orc! You burn the orc.
You kill the orc!
You see here a +0 club.
You hit the orc. You burn the orc.
The orc is heavily wounded.
The orc closely misses you. You furiously retaliate!
You headbutt the orc.
An orc comes into view.
It is wielding a +0 whip and carrying a wand of flame.
The orc shouts!
You slash the orc! You burn the orc.
You kill the orc!
The orc wizard points at you and mumbles some strange words.
You are confused.
Things that are here:
a +0 short sword; a +0 ring mail; an orc corpse You barely miss the orc wizard.
The orc wizard barely misses you.
Unknown command.
You bump into the rock wall.
The orc wizard gestures at you while chanting.
You resist with some effort.
You bump into the rock wall.
The orc wizard gestures at you while chanting.
You are more confused.
You slash the orc wizard! You burn the orc wizard.
The orc wizard is severely wounded.
The orc wizard hits you with a +0 dagger.
You hit the orc wizard. You burn the orc wizard.
You kill the orc wizard!
You closely miss the orc. The orc hits you but does no damage.
You closely miss the orc. Your headbutt misses the orc.
The orc closely misses you.
Things that are here:
a +0 dagger; a +0 robe
Found 6 gold pieces.
The orc zaps a wand.
The puff of flame hits you!
You hit the orc. You burn the orc.
You kill the orc!
You're too confused to move!
Found 21 gold pieces.
You feel less confused.
u - a wand of flame (14)
Items here: )) [[ ††.
You are now a special plaything of Xom.
Okay, then.
Things that are here:
a +0 dagger; a +0 robe A scorpion comes into view.
Aiming: Throw Flame
Press: ? - help, Shift-Dir - straight line, f - scorpion
Aim: a scorpion (wandering, hasn't noticed you, 68% to hit)
Okay, then.
Aiming: Throw Flame
Press: ? - help, Shift-Dir - straight line, f - scorpion
Aim: a scorpion (68% to hit)
The puff of flame hits the scorpion.
The scorpion is lightly wounded.
Aiming: Throw Flame
Press: ? - help, Shift-Dir - straight line, f/p - scorpion
Aim: a scorpion (lightly wounded, 68% to hit)
The puff of flame hits the scorpion.
The scorpion is heavily wounded.
Aiming: Throw Flame
Press: ? - help, Shift-Dir - straight line, f/p - scorpion
Aim: a scorpion (heavily wounded, 68% to hit)
The puff of flame hits the scorpion!
You kill the scorpion! "Let me alter your body."
Your body is suffused with distortional energy.
You feel weaker.
Items here: )) [[ ††.
Found a hand axe.
There is an open door here.
You pick up a book of Frost and begin reading...
You add the spells Freeze, Frozen Ramparts and Hailstorm to your library.
You now have 185 gold pieces (gained 8).
You almost hear Xom's maniacal laughter.
Nothing appears to happen...
Ominous!
You now have 190 gold pieces (gained 5).
You now have 204 gold pieces (gained 14).
You now have 210 gold pieces (gained 6).
You now have 219 gold pieces (gained 9).
You now have 231 gold pieces (gained 12).
You now have 241 gold pieces (gained 10).
There is an iron altar of Okawaru here.
There is an open door here.
You now have 258 gold pieces (gained 17).
You now have 265 gold pieces (gained 7).
An orc comes into view. It is wielding a +0 dagger.
The orc shouts!
A white imp comes into view.
Duvessa, Sister of Dowan comes into view.
She is wielding a +0 short sword.
Duvessa shouts!
You slash the orc! You burn the orc.
You kill the orc!
The white imp disappears for a moment.
Found 3 gold pieces.
The white imp closely misses you.
You slash the white imp! You burn the white imp.
You kill the white imp!
Your Axes skill increases to level 9!
You slash Duvessa! You burn Duvessa.
Duvessa is moderately wounded.
Duvessa hits you with a +0 short sword.
Dowan, Brother of Duvessa comes into view.
He is wielding a +1 dagger of speed and carrying a wand of flame.
Dowan shouts!
You slash Duvessa! You burn Duvessa.
Duvessa is severely wounded.
Duvessa hits you but does no damage.
You hit Duvessa but do no damage. You headbutt Duvessa.
Duvessa is almost dead.
Duvessa hits you with a +0 short sword.
You hit Duvessa but do no damage. You headbutt Duvessa!
Duvessa is almost dead.
Duvessa hits you but does no damage.
You hit Duvessa. You burn Duvessa.
You kill Duvessa!
Dowan's eyes darken. "You have made a grave mistake."
Dowan seems to find hidden reserves of power!
Dowan says, "How can I live without her?"
Dowan zaps a wand.
The puff of flame hits you.
Your Fighting skill increases to level 7!
Dowan hits you with a +1 dagger of speed.
Things that are here:
a +0 short sword; a +0 ring mail You hit Dowan.
You burn Dowan.
Dowan is lightly wounded.
Dowan hits you with a +1 dagger of speed.
Dowan points at you and mumbles some strange words.
The shard of ice hits you!
You closely miss Dowan.
Dowan is lightly wounded.
Dowan zaps a wand.
The puff of flame hits you.
Dowan hits you with a +1 dagger of speed.
Unknown command.
Press: ? - help, v - describe, . - travel
Here: Dowan, wielding a +1 dagger of speed, wearing a +0 robe and carrying a wand of flame (lightly wounded, fast)
The floor.
Unknown command.
You slash Dowan! You burn Dowan. You headbutt Dowan!
You kill Dowan!
Unknown command.
u - a wand of flame (30) (gained 19 charges)
Things that are here:
a +1 dagger of speed; a +0 robe You now have 268 gold pieces (gained 3). "Let's see if it's strong enough to survive yet."
You hit the crimson imp but do no damage.
You headbutt the crimson imp.
The crimson imp is moderately wounded.
You hit the iron imp. The crimson imp barely misses you.
You barely miss the crimson imp.
The crimson imp is moderately wounded.
You barely miss the iron imp.
The iron imp hits you but does no damage.
The crimson imp hits you.
You barely miss the iron imp.
You headbutt the iron imp, but do no damage.
The iron imp is lightly wounded.
You hit the iron imp. You hit the crimson imp. The iron imp hits you.
The iron imp grins evilly.
The iron imp misses you. You furiously retaliate!
You headbutt the iron imp. The crimson imp closely misses you.
You furiously retaliate!
You headbutt the crimson imp. You hit the iron imp but do no damage.
The iron imp is moderately wounded.
You hit the iron imp. You slash the crimson imp!
You kill the crimson imp!
The crimson imp disappears in a puff of smoke!
The iron imp hits you.
The iron imp hits you but does no damage.
The iron imp closely misses you. The iron imp closely misses you.
You furiously retaliate!
You headbutt the iron imp. The iron imp hits you.
You hit the iron imp.
The iron imp is heavily wounded.
You barely miss the iron imp. The iron imp spits at you. The iron imp hits you.
The iron imp misses you.
Unknown command.
The iron imp attacks as it pursues you!
The iron imp hits you but does no damage.
You hit the iron imp.
You kill the iron imp!
The iron imp degenerates into a cloud of primal chaos!
You hit the iron imp. You headbutt the iron imp.
You kill the iron imp!
The iron imp disappears in a puff of smoke!
You slash the iron imp!
The iron imp is severely wounded.
You hit the iron imp. Your headbutt misses the iron imp.
The iron imp is almost dead.
The iron imp misses you.
You hit the iron imp.
You kill the iron imp!
The iron imp disappears in a puff of smoke!
You hear Xom's maniacal cackling.
Your body is suffused with distortional energy.
Your toenails lengthen and sharpen.
Your teeth lengthen and sharpen.
Your fingernails lengthen.
Your thoughts seem clearer.
Unknown command.
Found a stone staircase leading down.
There is a stone staircase leading down here.
Found 6 stones.
You see here a +0 hand axe. "Time to have some fun!"
You slash the water moccasin! You burn the water moccasin.
Your headbutt misses the water moccasin.
The water moccasin is heavily wounded.
The water moccasin misses you. You furiously retaliate!
You headbutt the water moccasin, but do no damage.
You hit the water moccasin. You burn the water moccasin.
The water moccasin is heavily wounded.
You slash the adder! You burn the adder.
You kill the adder!
The adder's corpse disappears in a puff of smoke!
The water moccasin bites you but does no damage. x2
You completely miss the water moccasin.
The water moccasin is heavily wounded.
The water moccasin bites you.
You miss the water moccasin. Your bite misses the water moccasin.
The water moccasin is heavily wounded.
The water moccasin bites you but does no damage.
You miss the water moccasin. Your bite misses the water moccasin.
The water moccasin is heavily wounded.
The water moccasin barely misses you. The water moccasin bites you.
You hit the water moccasin. You burn the water moccasin.
Your bite misses the water moccasin.
The water moccasin is severely wounded.
The water moccasin bites you but does no damage.
You slash the water moccasin! You burn the water moccasin.
You kill the water moccasin!
The water moccasin's corpse disappears in a puff of smoke!
No target in view!
An orc comes into view. It is wielding a +0 trident.
Found a stone staircase leading down.
The orc shouts!
The orc hits you from afar with a +0 trident!
You emit a cloud of colourful smoke!
The orc hits you with a +0 trident.
You slash the orc! You burn the orc.
You kill the orc!
You see here a +0 trident.
There is a stone staircase leading down here.
Found a stone staircase leading up.
There is a stone staircase leading up here.
Found 8 stones.
You now have 280 gold pieces (gained 12).
You are now a very special plaything of Xom.
A gnoll comes into view. It is wielding a +0 whip.
The gnoll shouts!
You hear a shout!
A gnoll sergeant comes into view. It is wielding a +0 trident.
The gnoll sergeant shouts!
A gnoll comes into view. It is wielding a +0 whip.
The gnoll shouts!
A gnoll comes into view. It is wielding a +0 spear.
The gnoll hits you with a +0 whip.
The gnoll shouts!
You slash the gnoll! You burn the gnoll.
You kill the gnoll!
You see here a +0 whip.
You slash the gnoll! You burn the gnoll.
You kill the gnoll! "Hum-dee-hum-dee-hum..."
The gnoll sergeant flickers and vanishes!
Deactivating autopickup; reactivate with Ctrl-A.
You are now Xom's teddy bear.
Something hits you.
The gnoll hits you from afar with a +0 spear!
You see here a +0 whip.
You slash something! You burn something. Something hits you.
The gnoll hits you from afar with a +0 spear!
You barely miss something. Your headbutt misses something.
The gnoll hits you from afar with a +0 spear.
Something hits you! The gnoll hits you but does no damage.
You barely miss the gnoll. You headbutt the gnoll!
The gnoll is heavily wounded.
You closely miss something. Something hits you!
* * * LOW HITPOINT WARNING * * *
The gnoll closely misses you.
You barely miss the gnoll. You bite the gnoll, but do no damage.
The gnoll is heavily wounded.
You closely miss something. Something hits you!
* * * LOW HITPOINT WARNING * * *
The gnoll hits you with a +0 spear.
* * * LOW HITPOINT WARNING * * *
Unknown command.
You feel much better. Something hits you.
* * * LOW HITPOINT WARNING * * *
The gnoll closely misses you.
You slash the gnoll! You burn the gnoll.
You kill the gnoll!
You hit something but do no damage. Something hits you.
* * * LOW HITPOINT WARNING * * *
You closely miss something. Something hits you.
* * * LOW HITPOINT WARNING * * *
You barely miss something. Something hits you!
* * * LOW HITPOINT WARNING * * *
Okay, then.
Unknown command.
You slash something! You burn something. Your headbutt misses something.
Something hits you!
You die...

Skill      XL: |  1  2  3  4  5  6  7 |
---------------+----------------------+-----
Axes           | 4 5 6 7 8 9 |  9.6
Fighting       | 4 5 6 7 |  7.2
Armour         | |  2.4
Dodging        | |  1.1

Action                     |  1- 3 |  4- 6 |  7- 9 || total
---------------------------+-------+-------+-------++-------
  Melee: Hand axe          |    33 |       |       ||    33
         Headbutt          |     8 |     4 |     8 ||    20
         War axe           |    25 |    45 |    63 ||   133
         Bite              |       |       |     1 ||     1
  Evoke: Wand              |       |       |     3 ||     3
    Use: Potion            |       |     2 |     1 ||     3
 Armour: Leather armour    |    27 |    58 |    61 ||   146
  Dodge: Dodged            |    31 |    62 |    25 ||   118

Levels and vault maps discovered:
D:1:      dpeg_arrival_pond, layout_basic, serial_shops, shop
D:2:      layout_basic
D:3:      minmay_skewed_foursquare, layout_rooms, basic_ecumenical_altar
D:4:      layout_cave_pools, kiku_gazebo_garden_becter,
          hangedman_abyss_or_decor_lesser_grid
D:5:      layout_loops_ring, amcnicky_altar_gilded, uniq_eustachio, uniq_duvessa

Notes
Turn   | Place    | Note
-------+----------+-------------------------------------------
     0 | D:1      | scionoferis the Minotaur Chaos Knight began the quest for
                  | the Orb.
     0 | D:1      | Reached XP level 1. HP: 19/19 MP: 0/0
   158 | D:1      | Reached skill level 4 in Axes
   309 | D:1      | XOM: potion effect (invisibility)
   314 | D:1      | Reached XP level 2. HP: 27/27 MP: 1/1
   324 | D:1      | XOM: silly message
   345 | D:1      | XOM: silly message
   368 | D:1      | Found Cabraenk's Assorted Antiques.
   377 | D:1      | Reached skill level 4 in Fighting
   460 | D:1      | XOM: silly message
   572 | D:1      | XOM: divination: magic mapping
  1184 | D:2      | Reached XP level 3. HP: 33/33 MP: 2/2
  1192 | D:2      | XOM: silly message
  1260 | D:2      | XOM is BORED!
  1321 | D:2      | XOM: 1-stop teleportation journey
  1676 | D:3      | Reached skill level 5 in Axes
  1721 | D:3      | Noticed a scorpion
  1724 | D:3      | Killed a scorpion
  1725 | D:3      | Reached XP level 4. HP: 41/41 MP: 3/3
  1791 | D:3      | Found a faded altar of an unknown god.
  1845 | D:3      | XOM is BORED!
  1845 | D:3      | XOM: silly message
  1927 | D:4      | Reached skill level 6 in Axes
  1933 | D:4      | HP: 4/41 [gnoll/+0 spear[a gnoll bouda] (6)]
  1934 | D:4      | XOM: potion effect (heal wounds)
  1935 | D:4      | XOM: potion effect (brilliance)
  1936 | D:4      | Reached skill level 5 in Fighting
  1936 | D:4      | Reached XP level 5. HP: 27/48 MP: 4/4
  1937 | D:4      | XOM: butterfly on damage
  1938 | D:4      | XOM: potion effect (curing)
  1943 | D:4      | XOM: noise
  1960 | D:4      | XOM: 1-stop teleportation journey
  2191 | D:4      | XOM: enchant monster (bad)
  2192 | D:4      | Reached skill level 7 in Axes
  2192 | D:4      | Reached XP level 6. HP: 47/56 MP: 5/5
  2250 | D:4      | Found an ancient bone altar of Kikubaaqudgha.
  2465 | D:5      | Entered Level 5 of the Dungeon
  2466 | D:5      | Noticed Eustachio
  2525 | D:5      | Killed Eustachio
  2526 | D:5      | Reached skill level 6 in Fighting
  2526 | D:5      | Reached skill level 8 in Axes
  2541 | D:5      | XOM: god gift: fuming red potion {god gift}
  2565 | D:5      | Reached XP level 7. HP: 63/63 MP: 6/6
  2637 | D:5      | XOM: noise
  2693 | D:5      | Found an iron altar of Okawaru.
  2808 | D:5      | XOM: give mutation
  2808 | D:5      | Gained mutation: You are weak. (Str -2) [Xom's mischief]
  2866 | D:5      | XOM: silly message
  2929 | D:5      | Noticed Duvessa
  2933 | D:5      | Reached skill level 9 in Axes
  2941 | D:5      | Noticed Dowan
  2945 | D:5      | Killed Duvessa
  2946 | D:5      | Reached skill level 7 in Fighting
  2949 | D:5      | Killed Dowan
  3028 | D:5      | XOM: summons 4 hostile demons
  3115 | D:5      | XOM: give mutations
  3115 | D:5      | Gained mutation: You have sharp toenails. [Xom's grace]
  3115 | D:5      | Gained mutation: You have very sharp teeth. [Xom's grace]
  3115 | D:5      | Gained mutation: You have sharp fingernails. [Xom's grace]
  3115 | D:5      | Gained mutation: You possess an exceptional clarity of
                  | mind. [Xom's grace]
  3290 | D:5      | XOM: summons 2 hostile shadow creatures
  3300 | D:5      | XOM: smoke on damage
  3410 | D:5      | XOM: enchant monster (bad)
  3415 | D:5      | HP: 2/66 [gnoll/+0 spear[a gnoll sergeant] (5)]
  3420 | D:5      | Mangled by a gnoll sergeant

Vanquished Creatures
  Eustachio (D:5)
  Duvessa (D:5)
  A black bear (D:5)
  An ogre (D:5)
  2 scorpions (D:3 D:5)
  Dowan (D:5)
  A hound (D:4)
  A gnoll bouda (D:4)
  An iguana (D:5)
  2 orc wizards (D:4 D:5)
  7 gnolls (D:4 D:5)
  4 adders (D:2 D:3 D:5)
  2 white imps (D:5)
  4 ufetubi (D:4 D:5)
  A dart slug (D:5)
  11 orcs (D:4 D:5)
  4 bats (D:1 D:2)
  3 endoplasms (D:2 D:3)
  A giant cockroach (D:4)
  7 hobgoblins (D:1 D:2 D:3 D:4)
  3 jackals (D:1)
  9 kobolds (D:1 D:2 D:3 D:4)
  2 quokkas (D:3 D:4)
  A ball python (D:1)
  5 frilled lizards (D:1 D:2 D:3)
  5 goblins (D:1 D:2 D:3)
  3 rats (D:1)
84 creatures vanquished.

Table legend: (Time is in decaauts)
 A = Elapsed time spent in this place.
 B = Non-inter-level travel time spent in this place.
 C = Inter-level travel time spent in this place.
 D = Time resting spent in this place.
 E = Time spent auto-exploring this place.
 F = Levels seen in this place.
 G = Mean time per level.
                   A        B        C        D        E       F      G
               +--------+--------+--------+--------+--------+-----+--------+
         Total |   3466 |   3329 |    137 |     81 |   2662 |   5 |  693.2 |
       Dungeon |   3466 |   3329 |    137 |     81 |   2662 |   5 |  693.2 |
               +--------+--------+--------+--------+--------+-----+--------+

Top non-repeatable levels by time:
     D:1: 928 daAuts
     D:5: 917 daAuts
     D:4: 591 daAuts
     D:2: 526 daAuts
     D:3: 503 daAuts

Table legend:
 A = Non-vault XP
 B = Vault XP
 C = Vault XP percentage of total XP
 D = Non-vault monster count
 E = Vault monster count
 F = Vault count percentage of total count
                 A         B        C        D         E       F
            +---------+---------+-------+---------+---------+-------
      Total |     904 |     432 |  32.3 |      75 |       9 |  10.7
            +---------+---------+-------+---------+---------+-------
        D:1 |      24 |       0 |   0.0 |      16 |       0 |   0.0
        D:2 |      25 |       0 |   0.0 |       8 |       0 |   0.0
        D:3 |     127 |      11 |   8.0 |      12 |       6 |  33.3
        D:4 |     215 |       0 |   0.0 |      19 |       0 |   0.0
        D:5 |     513 |     421 |  45.1 |      20 |       3 |  13.0
            +---------+---------+-------+---------+---------+-------
